 Dungeon Crawl Stone Soup version 0.30-a0-743-gbfdf073431 (webtiles) character file.

Game seed: 5269699118175283027

303650 M4edhros the Fighter (level 20, -29/126 HPs)
             Began as an Octopode Transmuter on Feb 7, 2023.
             Was a High Priest of Cheibriados.
             Killed from afar by a war gargoyle (32 damage)
             ... with a spray of metal splinters
             ... on level 5 of the Vaults on Feb 9, 2023.
             The game lasted 02:51:56 (18788 turns).

M4edhros the Fighter (Octopode Transmuter)         Turns: 18788, Time: 02:51:57

Health: -29/126    AC:  8    Str: 21    XL:     20   Next: 64%
Magic:  4/34       EV: 36    Int: 44    God:    Cheibriados [*****.]
Gold:   1078       SH: 24    Dex: 47    Spells: 7/39 levels left

rFire   + . .      SeeInvis +      - Unarmed
rCold   + . .      Faith    .    t - +5 kite shield
rNeg    . . .      Spirit   .    X - +1 hat of the Aged Coins {rCorr Int+4}
rPois   .          Reflect  .    W - amulet of the Puckish God {Regen+ Dex+2}
rElec   .          Harm     .    B - ring of protection from fire
rCorr   +          Rampage  .    H - +6 ring of dexterity
Will    ++...                    y - ring of willpower Stlth **++++++++
                                 K - ring of flight
HPRegen 1.21/turn                O - ring "Buxeotug" {rC+ AC+4 Dex+6 SInv}
MPRegen 0.24/turn                Z - ring of Shadows {Umbra +Inv Stlth+}
                                 e - +6 ring of intelligence
                                 p - +6 ring of intelligence

@: about to teleport, forested, flying, wreathed by umbra, unable to drink, very
slow
A: almost no armour, amphibious, 8 rings, camouflage 1, gelatinous body 1,
(nimble swimmer 1), tentacles, antennae 1, iridescent scales 1, agile 1, dopey
1, frail 1, sense surroundings 1, inability to drink after injury 1
}: 3/15 runes: serpentine, barnacled, slimy
a: Renounce Religion, Evoke Invisibility, Bend Time, Temporal Distortion,
Slouch, Step From Time


You were on level 5 of the Vaults.
You worshipped Cheibriados.
Cheibriados was extremely pleased with you.
You visited 9 branches of the dungeon, and saw 44 of its levels.
You also visited: Sewer, Ossuary and Bailey.

You collected 4081 gold pieces.
You spent 3003 gold pieces at shops.

Inventory:

Missiles
 d - 2 throwing nets
 m - 8 curare-tipped darts
Armour
 t - a +5 kite shield (worn)
 X - the +1 hat of the Aged Coins (worn) {rCorr Int+4}
   (You acquired it on level 1 of the Vaults)

   Int:       It affects your intelligence (+4).
   rCorr:     It protects you from acid and corrosion.
Jewellery
 e - a +6 ring of intelligence (on tentacle)
 p - a +6 ring of intelligence (on tentacle)
 y - a ring of willpower (on tentacle)
 B - a ring of protection from fire (left tentacle)
 H - a +6 ring of dexterity (right tentacle)
 I - a ring of protection from cold
 J - a +6 ring of intelligence
 K - a ring of flight (on tentacle)
 N - a +6 ring of dexterity
 O - the ring "Buxeotug" (on tentacle) {rC+ AC+4 Dex+6 SInv}
   (You bought it in a shop on level 2 of the Orcish Mines)

   [ring of protection]

   AC:        It affects your AC (+4).
   Dex:       It affects your dexterity (+6).
   rC:        It protects you from cold.
   SInv:      It lets you see invisible.
 P - a +6 ring of strength
 W - the amulet of the Puckish God (around mantle) {Regen+ Dex+2}
   (You found it on level 5 of the Pits of Slime)

   [amulet of regeneration]

   Dex:       It affects your dexterity (+2).
   Regen:     It increases your rate of health regeneration.
 Z - the ring of Shadows (on tentacle) {Umbra +Inv Stlth+}
   (You bought it in a shop on level 2 of the Orcish Mines)

   [ring of stealth]

   Umbra:     It surrounds you with an aura of shadow, increasing your stealth
   and reducing the accuracy of all others within it.
   +Inv:      It lets you turn invisible.
   Stlth:     It makes you more stealthy.
Wands
 q - a wand of roots (7)
 C - a wand of digging (5)
 G - a wand of quicksilver (5)
Scrolls
 f - 10 scrolls of teleportation
 i - 5 scrolls of immolation
 k - 3 scrolls of enchant armour
 l - 2 scrolls of butterflies
 n - 4 scrolls of fog
 s - a scroll of amnesia
 A - 2 scrolls of vulnerability
 D - 2 scrolls of fear
 Q - a scroll of poison
 Y - 3 scrolls of magic mapping
Potions
 a - 5 potions of ambrosia
 b - 3 potions of invisibility
 c - 8 potions of flight
 h - 4 potions of mutation
 j - 8 potions of brilliance
 o - 4 potions of might
 r - 4 potions of heal wounds
 u - a potion of resistance
 w - 4 potions of haste
 E - 2 potions of magic
 F - 5 potions of curing
 M - 3 potions of cancellation
 U - 3 potions of attraction
 V - 5 potions of lignification
Miscellaneous
 g - a condenser vane
 v - a phial of floods (inert)
 z - a tin of tremorstones (2/2)
 L - a lightning rod (4/4)
 S - a box of beasts


   Skills:
 + Level 13.5 Fighting
 + Level 13.5 Dodging
 - Level 10.0 Stealth
 - Level 12.0 Shields
 + Level 13.5 Unarmed Combat
 - Level 10.0 Spellcasting
 - Level 3.0 Conjurations
 - Level 8.0 Summonings
 - Level 5.0 Necromancy
 - Level 9.1 Translocations
 - Level 11.3 Transmutations
 - Level 5.0 Ice Magic
 - Level 5.0 Air Magic
 - Level 12.0 Earth Magic
 - Level 6.0 Poison Magic
 - Level 10.0 Invocations
 - Level 5.0 Evocations


You had 7 spell levels left.
You knew the following spells:

 Your Spells              Type           Power      Damage    Failure   Level
a - Summon Lightning Spi  Summ/Air       68%        N/A       1%          4
b - Borgnjor's Vile Clut  Necr/Erth      38%        N/A       2%          5
c - Apportation           Tloc           100%       N/A       1%          1
e - Freezing Cloud        Conj/Ice/Air   28%        6-21      13%         5
f - Statue Form           Tmut/Erth      60%        N/A       3%          6
g - Eringya's Noxious Bo  Tmut/Pois      39%        N/A       12%         6
h - Summon Forest         Summ/Tloc      39%        N/A       2%          5

Your spell library contained the following spells:

 Spells                   Type           Power      Damage    Failure   Level
 Beastly Appendage        Tmut           100%       N/A       1%          1
 Freeze                   Ice            100%       1d10      1%          1
 Kiss of Death            Conj/Necr      100%       2d13      1%          1
 Necrotise                Necr           100%       1d9       1%          1
 Sandblast                Erth           100%       2d20      1%          1
 Sting                    Tmut/Pois      100%       1d8       1%          1
 Summon Small Mammal      Summ           100%       N/A       1%          1
 Blink                    Tloc           100%       N/A       1%          2
 Cigotuvi's Dreadful Rot  Necr/Pois/Air  100%       N/A       1%          2
 Ensorcelled Hibernation  Hex/Ice        88%        N/A       1%          2
 Lesser Beckoning         Tloc           100%       N/A       1%          2
 Momentum Strike          Conj/Tloc      100%       3d10      1%          2
 Passwall                 Tmut/Erth      75%        N/A       1%          2
 Poisonous Vapours        Pois/Air       100%       N/A       1%          2
 Static Discharge         Conj/Air       100%       2-7/arc   1%          2
 Wereblood                Tmut           89%        N/A       1%          2
 Gell's Gravitas          Tloc           80%        N/A       1%          3
 Hailstorm                Conj/Ice       55%        3d12      1%          3
 Ignite Poison            Fire/Tmut/Pois 64%        N/A       1%          3
 Kindle Blastsparks       Fire/Tloc/Air  100%       2d18      1%          3
 Mephitic Cloud           Conj/Pois/Air  58%        N/A       1%          3
 Ozocubu's Armour         Ice            60%        N/A       1%          3
 Spider Form              Tmut/Pois      78%        N/A       1%          3
 Summon Guardian Golem    Hex/Summ       55%        N/A       1%          3
 Swiftness                Air            60%        N/A       1%          3
 Teleport Other           Tloc           80%        N/A       1%          3
 Vampiric Draining        Necr           60%        2d10      1%          3
 Vhi's Electric Charge    Tloc/Air       100%       N/A       1%          3
 Ice Form                 Ice/Tmut       76%        N/A       1%          4
 Manifold Assault         Tloc           80%        N/A       1%          4
 Passage of Golubria      Tloc           80%        N/A       1%          4
 Summon Ice Beast         Ice/Summ       68%        N/A       1%          4
 Blade Hands              Tmut           44%        N/A       1%          5
 Lee's Rapid Deconstruct  Erth           45%        3d22*     1%          5
 Slow                     Hex            88%        N/A       2%          1
 Olgreb's Toxic Radiance  Pois           65%        N/A       2%          4
 Alistair's Intoxication  Tmut/Pois      52%        N/A       2%          5
 Airstrike                Air            30%        2d(5-21)  3%          4
 Irradiate                Conj/Tmut      35%        3d23      4%          5
 Agony                    Necr           60%        N/A       10%         5
 Sticky Flame             Conj/Fire      35%        2d5       14%         4
 Arcjolt                  Conj/Air       27%        1d37      14%         5
 Lightning Bolt           Conj/Air       27%        1d44      14%         5
 Iron Shot                Conj/Erth      36%        9d7       19%         6
 Iskenderun's Battlesphe  Conj           48%        2d10      22%         5
 Dragon Form              Tmut           44%        N/A       22%         7
 Metabolic Englaciation   Hex/Ice        22%        N/A       26%         5
 Silence                  Hex/Air        22%        N/A       26%         5
 Simulacrum               Ice/Necr       30%        N/A       47%         6
 Conjure Ball Lightning   Conj/Air       27%        3x3d8     63%         6
 Storm Form               Tmut/Air       38%        N/A       63%         7
 Spellforged Servitor     Conj/Summ      31%        N/A       94%         7
 Ozocubu's Refrigeration  Ice            30%        4d14      96%         7
 Orb of Destruction       Conj           24%        9d9       100%        7
 Disjunction              Tloc           40%        N/A       99%         8
 Discord                  Hex            11%        N/A       100%        8
 Ignition                 Fire           11%        3d5       100%        8
 Lehudib's Crystal Spear  Conj/Erth      36%        10d9      100%        8
 Fire Storm               Conj/Fire      17%        8d5       100%        9


Dungeon Overview and Level Annotations

Branches:
Dungeon (15/15)            Temple (1/1) D:7            Lair (5/5) D:11
 Shoals (4/4) Lair:2        Snake (4/4) Lair:2        Slime (5/5) Lair:4
    Orc (2/2) D:12            Elf (3/3) Orc:2        Vaults (5/5) D:14
 Depths (0/4) D:15          Sewer (visited)         Ossuary (visited)
 Bailey (visited)
  Crypt: Vaults:2-3

Altars:
Ashenzari
Cheibriados
Dithmenos
Elyvilon
Fedhas
Gozag
Hepliaklqana
Kikubaaqudgha
Makhleb
Nemelex Xobeh
Okawaru
Qazlal
Ru
Sif Muna
Trog
Uskayaw
Vehumet
Xom
Yredelemnul
Zin
The Shining One
Jiyva
Lugonu

Shops:
D:9 *   D:10 !   Orc:2 :=((?   Elf:1 (   Elf:2 =([[   Shoals:3 ?   Shoals:4 (
Snake:1 :   Snake:2 (   Snake:4 [   Vaults:4 ?

Portals:
Abyss: Orc:1

Annotations:
D:3 1 runed translucent door, Crazy Yiuf
D:9 3 runed translucent doors, semem's ghost, journeyman NaMo
Slime:5 Royal Jelly
Elf:2 4 transporters
Vaults:2 Xtahua


Innate Abilities, Weirdness & Mutations

You cannot wear most types of armour.
You are amphibious.
You can wear up to eight rings at the same time.
Your skin changes colour to match your surroundings (Stealth+).
Your rubbery body absorbs attacks. (AC +1, EV +1)
((You are camouflaged when in or above water. (Stealth+)))
You have tentacles for arms and can constrict up to eight enemies at once.
You have a pair of small antennae on your head.
You are partially covered in iridescent scales. (AC +2)
You are agile. (Dex +4, Str/Int -1)
You are dopey. (Int -2)
You are frail. (-10% HP)
You passively map a small area around you.
You occasionally lose the ability to drink potions when taking damage.


Message History

The war gargoyle launches metal splinters at you.
The spray of metal splinters hits you but does no damage.
The quicksilver dragon roars deafeningly!
You cannot drink potions in your current state!
As you read the scroll of fog, it crumbles to dust.
The scroll dissolves into smoke.
You hear a shout! x2
As you read the scroll of fear, it crumbles to dust.
You assume a fearsome visage.
The war gargoyle is unaffected.
The quicksilver dragon resists with almost no effort.
You block the war gargoyle's attack. x2
The quicksilver dragon bites you but does no damage.
The quicksilver dragon completely misses you.
Okay, then.
Okay, then.
Okay, then.
Okay, then.
Casting: Eringya's Noxious Bog (dangerous; 12% risk of failure)
Confirm with . or Enter, or press ? or * to list all spells.
Okay, then.
You tentacle-slap the quicksilver dragon.
The quicksilver dragon is lightly wounded.
You revert to your normal fleshy form.
You block the war gargoyle's attack.
The quicksilver dragon breathes dispelling energy at you.
The bolt of dispelling energy misses you.
The war gargoyle hits you with a +0 flail!!
* * * LOW HITPOINT WARNING * * *
The quicksilver dragon completely misses you.
You block the quicksilver dragon's attack.
You hear a shout! x2
Okay, then.
As you read the scroll of teleportation, it crumbles to dust.
You feel strangely unstable. The war gargoyle completely misses you.
The quicksilver dragon closely misses you.
The quicksilver dragon completely misses you.
The war gargoyle launches metal splinters at you.
The spray of metal splinters hits you!!
You die...
Xom giggles madly!

, #....# , #....#
, ,,#....# , * ,,
#....# , ,
,#....# ,
,,#§§§.# ,, , ,
#§§§.#, , *
#@§§.#..#* * ♣.
#9D♣.♣..#♣ , *
♣..♣§§§.#...# ,
...♣....♣... , ,,
,.........)? , *
#♣...[[D..#♣♣♣##*
*
.....)))[.~~~~..
, ,
..).[<<)(...≈~~.
....<)~<)(..≈≈≈.
,


You could see a quicksilver dragon and a war gargoyle (catching breath).

Vanquished Creatures
  The ghost of Mefral the Black Sun, an adept DsNe of Kikubaaqudgha (Vaults:4)
  Zenata (Vaults:2)
  4 liches
  Mlioglotl (Shoals:1)
  A tentacled monstrosity (Vaults:5)
  Asterion (Elf:1)
  2 deep elf master archers (Elf:3)
  2 titans
  A quicksilver dragon (Vaults:5)
  2 deep elf blademasters (Elf:3)
  A kraken (Shoals:4)
  2 shadow dragons (Vaults:4)
  3 sphinxes
  2 storm dragons (Vaults:5)
  Donald (Snake:4)
  3 nagarajas (Snake:4)
  A rockslime (Shoals:3)
  2 azure jellies
  5 deep elf sorcerers
  3 frost giants
  7 vault wardens
  Louise (D:15)
  5 ironbound preservers
  4 very ugly things (Vaults:4)
  A deep elf elementalist (Elf:3)
  4 war gargoyles
  3 quicksilver oozes
  A quicksilver ooze (shapeshifter) (Vaults:5)
  2 ironbound thunderhulks
  3 stone giants
  7 deep elf demonologists
  6 deep elf annihilators (Elf:3)
  Azrael (Snake:3)
  5 dire elephants
  3 merfolk javelineers
  3 merfolk impalers
  4 ettins (Vaults:5)
  6 deep elf death magi
  Snorg (D:12)
  2 crystal guardians
  4 yaktaur captains
  4 great orbs of eyes (Vaults:4)
  29 vault guards
  2 peacekeepers
  Harold (Orc:1)
  A deep elf high priest (Vaults:5)
  5 anacondas
  2 salamander tyrants
  4 hydras
  2 alligator snapping turtles (Shoals:4)
  5 boulder beetles
  An ogre mage (Vaults:5)
  2 merfolk avatars (Shoals:3)
  4 catoblepae
  2 ironbound frosthearts (Vaults:4)
  2 satyrs (Shoals:3)
  3 centaur warriors
  Erica (Orc:1)
  3 merfolk aquamancers
  3 dancing weapons
  A two-headed ogre (D:13)
  5 naga warriors
  3 tengu warriors
  9 naga sharpshooters
  5 orc high priests (Orc:2)
  Sonja (Lair:2)
  4 deep elf knights
  4 shock serpents
  A shadow wraith (Vaults:4)
  6 salamander mystics (Snake:4)
  11 sea snakes
  2 skeletal warriors (D:13)
  2 glowing orange brains
  5 naga ritualists
  12 deep trolls
  An obsidian statue (Lair:1)
  6 orc knights
  8 deep elf archers
  5 wizards
  A harpy (shapeshifter) (D:13)
  A lindwurm (shapeshifter) (Vaults:5)
  8 harpies
  4 lindwurms
  8 ugly things
  14 deep elf zephyrmancers
  7 ironbound convokers
  17 deep elf pyromancers
  An oklob plant (Lair:4)
  13 mana vipers
  2 necromancers (Vaults:4)
  12 salamanders
  2 orc sorcerers (D:15)
  A sphinx skeleton (Vaults:4)
  A wolf spider (Lair:5)
  2 shining eyes
  11 elephants
  2 cyclopes
  6 manticores
  9 fauns (Shoals:3)
  6 merfolk sirens
  27 black mambas
  Maurice (D:8)
  A gargoyle (D:12)
  7 guardian serpents
  12 naga magi
  7 water nymphs
  3 vault sentinels
  An eye of devastation (Snake:4)
  11 cane toads
  2 torpor snails (Lair:5)
  An unseen horror (D:13)
  2 yaktaurs (Vaults:2)
  A freezing wraith (Vaults:4)
  A rime drake (Lair:3)
  4 komodo dragons
  A tengu conjurer (D:14)
  6 trolls
  A meliai (D:13)
  2 hornets (Lair:5)
  9 merfolk
  3 blink frogs (Lair:3)
  2 polar bears
  4 wind drakes
  A dream sheep (shapeshifter) (Vaults:5)
  6 snapping turtles
  Sigmund (D:2)
  11 water elementals
  A shadow (D:10)
  6 wraiths
  A slime creature (Vaults:3)
  3 air elementals
  Eustachio (D:4)
  9 wyverns
  An elf skeleton (Vaults:4)
  44 yaks
  4 fire elementals
  2 redbacks (Lair:5)
  3 basilisks
  9 vampire mosquitoes
  3 steam dragons
  6 wargs
  32 nagas
  24 water moccasins
  4 acid dragons
  3 floating eyes
  2 hell hounds (Snake:3)
  38 orc warriors
  4 ogres
  3 centaurs
  A phantom (D:5)
  3 kobold brigands
  5 bullfrogs
  5 scorpions
  A gnoll sergeant (D:8)
  2 earth elementals
  7 wights
  7 killer bees
  34 jellies
  6 electric eels
  A howler monkey (D:8)
  2 gnoll boudas (D:6)
  A hound (D:7)
  25 orc priests
  3 iguanas
  Jessica (D:2)
  23 orc wizards
  3 hell rats (Lair:5)
  13 mummies (Ossuary)
  3 adders
  18 gnolls
  11 river rats
  4 worms
  12 dart slugs
  59 orcs
  7 endoplasms
  5 giant cockroaches
  4 goblins
  4 hobgoblins
  10 jackals
  7 quokkas
  10 ball pythons
  A bat (D:2)
  3 frilled lizards
  2 gnoll skeletons (Ossuary)
  A goblin skeleton (Ossuary)
  15 kobolds
  5 kobold skeletons (Ossuary)
  10 rats
  11 rat skeletons (Ossuary)
  A lurking horror (Orc:1)
1084 creatures vanquished.

Vanquished Creatures (collateral kills)
  Vashnia (Snake:4)
  2 ironbound preservers
  A deep elf demonologist (Vaults:5)
  4 deep elf annihilators (Elf:3)
  A deep elf death mage (Elf:3)
  Josephine (D:12)
  2 great orbs of eyes
  2 yaktaur captains
  An ironbound frostheart (Vaults:4)
  A peacekeeper (Vaults:4)
  A naga warrior (Snake:4)
  2 naga sharpshooters (Snake:4)
  4 deep trolls (Vaults:4)
  2 deep elf archers (Elf:1)
  A naga ritualist (Snake:4)
  2 lindwurms (Vaults:4)
  A sphinx zombie (Vaults:4)
  A phantasmal warrior (Vaults:4)
  A mana viper (Snake:4)
  3 deep elf zephyrmancers (Elf:1)
  A harpy (Shoals:4)
  2 ugly things (Vaults:4)
  A deep elf pyromancer (Elf:1)
  A faun (Shoals:3)
  A shining eye (Snake:4)
  A merfolk siren (Shoals:3)
  2 salamanders (Snake:4)
  3 vault sentinels
  A water nymph (shapeshifter) (Elf:1)
  3 naga magi (Snake:4)
  3 black mambas (Snake:4)
  A gargoyle (D:12)
  3 yaktaurs
  A komodo dragon (Lair:1)
  A rime drake (Lair:2)
  A freezing wraith (Vaults:4)
  3 merfolk
  A snapping turtle (Shoals:4)
  A blink frog (Lair:4)
  A vampire (D:8)
  A wraith (D:12)
  A fire elemental (Snake:3)
  A vampire mosquito (D:12)
  7 nagas (Snake:4)
  2 water moccasins (Lair:1)
  A hell hound (Snake:3)
  2 centaurs (D:8)
  A wight (D:8)
  A human simulacrum (Vaults:4)
  16 jellies (Orc:2)
  An iguana (D:7)
  A snaplasher vine (Vaults:4)
101 creatures vanquished.

Vanquished Creatures (others)
  A great orb of eyes (D:15)
  A centaur warrior (D:14)
  A deep elf knight (Elf:1)
  A deep elf pyromancer (Elf:3)
  A cyclops (D:15)
  A manticore (D:8)
  2 elephants (Lair:4)
  A queen bee (shapeshifter) (D:9)
  3 blink frogs (Lair:4)
  7 slime creatures
  A yak (Lair:5)
  A basilisk (D:15)
  3 vampire mosquitoes
  A water moccasin (Lair:5)
  3 orc warriors
  A black bear (D:4)
  4 centaurs
  4 bullfrogs
  A kobold brigand (D:9)
  A necrophage (D:6)
  A hound (D:6)
  An orc priest (D:9)
  46 jellies
  3 orc wizards
  4 gnolls (D:6)
  A shadow imp (D:6)
  2 dart slugs (D:3)
  5 orcs
  3 endoplasms (D:3)
  A giant cockroach (D:3)
  A goblin (D:4)
  A quokka (D:1)
  A bat (D:3)
  54 fungi
  A lurking horror (Orc:1)
  157 plants
  22 snaplasher vines
  6 tentacles (Shoals:4)
349 creatures vanquished.

Grand Total: 1534 creatures vanquished

Notes
Turn   | Place    | Note
-------+----------+-------------------------------------------
     0 | D:1      | M4edhros the Octopode Transmuter began the quest for the
                  | Orb.
     0 | D:1      | Reached XP level 1. HP: 13/13 MP: 3/3
   213 | D:2      | Noticed Sigmund
   215 | D:2      | Noticed Jessica
   221 | D:2      | Killed Sigmund
   222 | D:2      | Reached XP level 2. HP: 2/18 MP: 5/5
   222 | D:2      | Reached XP level 3. HP: 2/23 MP: 6/6
   222 | D:2      | Reached XP level 4. HP: 3/28 MP: 7/7
   222 | D:2      | Reached XP level 5. HP: 4/33 MP: 8/8
   222 | D:2      | HP: 1/33 [Jessica/+0 club (3)]
   225 | D:2      | Killed Jessica
   577 | D:2      | Reached skill level 5 in Unarmed Combat
   612 | D:2      | Found a faded altar of an unknown god.
   612 | D:2      | Found an iron altar of Okawaru.
   620 | D:2      | Got Plato's Octavo of the Queen Bee
   647 | D:2      | Prayed at the altar of an unknown god.
   647 | D:2      | Became a worshipper of Jiyva Jimne the Shapeless
   647 | D:2      | Reached * piety under Jiyva
   669 | D:1      | Reached XP level 6. HP: 38/38 MP: 9/9
   866 | D:3      | Reached ** piety under Jiyva
  1017 | D:3      | Found a runed translucent door.
  1018 | D:3      | Noticed Crazy Yiuf
  1158 | D:4      | Found a glowing drain.
  1199 | Sewer    | Entered a sewer
  1272 | Sewer    | Reached skill level 5 in Transmutations
  1281 | Sewer    | Reached XP level 7. HP: 15/43 MP: 10/10
  1299 | Sewer    | Found a white marble altar of Elyvilon.
  1421 | D:3      | Reached *** piety under Jiyva
  1422 | D:3      | Gained mutation: One of your tentacles bears a spike.
                  | [Jiyva's grace]
  1422 | D:3      | Gained mutation: One of your tentacles bears a nasty spike.
                  | [Jiyva's grace]
  1422 | D:3      | Gained mutation: One of your tentacles bears a large
                  | vicious spike. [Jiyva's grace]
  1422 | D:3      | Gained mutation: You are covered in slimy tendrils that may
                  | disarm your opponents. [Jiyva's grace]
  1664 | D:5      | Entered Level 5 of the Dungeon
  1667 | D:5      | Found a sand-covered staircase.
  1672 | D:5      | Reached **** piety under Jiyva
  1689 | Ossuary  | Entered an ossuary
  1749 | Ossuary  | Learned a level 4 spell: Ice Form
  1921 | Ossuary  | Reached skill level 1 in Ice Magic
  2070 | D:5      | Reached skill level 1 in Stealth
  2085 | D:5      | Reached XP level 8. HP: 46/50 MP: 11/11
  2386 | D:6      | You fall into a shaft and drop 1 floor!
  2394 | D:7      | Found a staircase to the Ecumenical Temple.
  2419 | D:7      | Reached ***** piety under Jiyva
  2463 | D:7      | Lost mutation: One of your tentacles bears a large vicious
                  | spike. [Jiyva's grace]
  2463 | D:7      | Gained mutation: Your flesh is heat resistant. (rF+)
                  | [Jiyva's grace]
  2463 | D:7      | Gained mutation: Your flesh is very heat resistant. (rF++)
                  | [Jiyva's grace]
  2463 | D:7      | Gained mutation: Your flesh is almost immune to the effects
                  | of heat. (rF+++) [Jiyva's grace]
  2463 | D:7      | Gained mutation: You are strong-willed. (Will+) [Jiyva's
                  | grace]
  2753 | D:8      | Noticed a vampire
  2760 | D:8      | Killed a vampire
  2761 | D:8      | Reached skill level 5 in Dodging
  2761 | D:8      | Reached XP level 9. HP: 40/59 MP: 12/12
  2789 | D:8      | Noticed Maurice
  2803 | D:8      | Killed Maurice
  2804 | D:8      | Reached skill level 5 in Fighting
  2844 | D:8      | Noticed a manticore
  2854 | D:8      | Killed a manticore
  3075 | D:9      | Killed a queen bee
  3114 | D:9      | Noticed a six-headed hydra
  3119 | D:9      | Slimified a six-headed hydra
  3119 | D:9      | a six-headed hydra changed into an azure jelly
  3119 | D:9      | Noticed an azure jelly
  3143 | D:9      | Found an opulent altar of Gozag.
  3243 | D:9      | Reached XP level 10. HP: 44/68 MP: 13/13
  3267 | D:9      | Found Ziveb's Demolitions Depot.
  3280 | D:9      | Found a runed translucent gate.
  3280 | D:9      | Found a runed translucent gate.
  3281 | D:9      | Found a runed translucent gate.
  3281 | D:9      | Noticed semem's ghost (journeyman NaMo)
  3285 | D:9      | Found a viscous altar of Jiyva.
  3329 | D:9      | Reached skill level 5 in Ice Magic
  3572 | D:10     | Entered Level 10 of the Dungeon
  3635 | D:10     | Found Niniax Zuorgh's Distillery.
  3643 | D:10     | Bought a potion of might for 52 gold pieces
  3643 | D:10     | Bought a potion of heal wounds for 65 gold pieces
  3643 | D:10     | Bought a potion of invisibility for 104 gold pieces
  3653 | D:10     | Found a flagged portal.
  3662 | Bailey   | Entered a bailey
  3671 | Bailey   | Acquired a book of Cantrips
  3675 | Bailey   | Learned a level 1 spell: Apportation
  3759 | Bailey   | Noticed an orc knight
  3768 | Bailey   | Killed an orc knight
  3769 | Bailey   | Reached skill level 1 in Shields
  3770 | Bailey   | Reached skill level 1 in Translocations
  3946 | D:10     | Lost mutation: Your flesh is almost immune to the effects
                  | of heat. (rF+++) [Jiyva's grace]
  3946 | D:10     | Gained mutation: Your melee attacks may engulf your foes in
                  | ooze. [Jiyva's grace]
  3946 | D:10     | Gained mutation: Your natural rate of healing is unusually
                  | fast. [Jiyva's grace]
  3946 | D:10     | Gained mutation: You heal very quickly. [Jiyva's grace]
  3946 | D:10     | Gained mutation: You regenerate. [Jiyva's grace]
  3950 | D:10     | Reached XP level 11. HP: 76/76 MP: 14/14
  4039 | D:10     | Noticed a cyclops
  4071 | D:10     | Reached skill level 5 in Stealth
  4104 | D:10     | Killed a cyclops
  4455 | D:11     | Reached ****** piety under Jiyva
  4484 | D:11     | Found a staircase to the Lair.
  4681 | D:12     | Noticed a purple ugly thing
  4690 | D:12     | Killed a purple ugly thing
  4698 | D:12     | Noticed Josephine
  4711 | D:12     | Killed Josephine
  4712 | D:12     | Reached skill level 10 in Unarmed Combat
  4717 | D:12     | Reached XP level 12. HP: 58/84 MP: 12/15
  4760 | D:12     | Lost mutation: You regenerate. [Jiyva's grace]
  4760 | D:12     | Lost mutation: You heal very quickly. [Jiyva's grace]
  4760 | D:12     | Gained mutation: You passively map a small area around you.
                  | [Jiyva's grace]
  4760 | D:12     | Gained mutation: You passively map the area around you.
                  | [Jiyva's grace]
  4760 | D:12     | Gained mutation: You passively map a large area around you.
                  | [Jiyva's grace]
  4760 | D:12     | Gained mutation: You have a small jelly attached to you
                  | that may absorb projectiles. [Jiyva's grace]
  4876 | D:12     | Found a staircase to the Orcish Mines.
  4884 | D:12     | Noticed Snorg
  4902 | D:12     | Killed Snorg
  4911 | Orc:1    | Entered Level 1 of the Orcish Mines
  4981 | Orc:1    | Reached skill level 5 in Shields
  5020 | Orc:1    | Learned a level 1 spell: Summon Small Mammal
  5080 | Orc:1    | Found a corrupted altar of Lugonu.
  5082 | Orc:1    | Found a one-way gate to the infinite horrors of the Abyss.
  5125 | Orc:1    | Noticed Harold
  5178 | Orc:1    | Killed Harold
  5304 | Orc:2    | Entered Level 2 of the Orcish Mines
  5472 | Orc:2    | Found Capsiv Vizal's Self-Improvement Boutique.
  5552 | Orc:2    | Found a staircase to the Elven Halls.
  5754 | Orc:1    | Noticed Erica
  5763 | Orc:1    | Killed Erica
  5923 | Lair:1   | Entered Level 1 of the Lair of Beasts
  6038 | Lair:1   | Reached skill level 10 in Dodging
  6120 | Lair:1   | Identified the amulet of Truth {Spirit rN+ MP+9 Dex+3} (You
                  | found it on level 1 of the Lair of Beasts)
  6121 | Lair:1   | Noticed a sun demon
  6172 | Lair:1   | Got Nule's Exposition on the Chilling Storm
  6181 | Lair:1   | Learned a level 5 spell: Freezing Cloud
  6182 | Lair:1   | Identified the +6 scale mail "Zovvipn" {Contam Str+4 Dex+5}
  6253 | Lair:1   | Reached skill level 5 in Translocations
  6275 | Lair:1   | Lost mutation: One of your tentacles bears a nasty spike.
                  | [Jiyva's grace]
  6275 | Lair:1   | Lost mutation: You passively map a large area around you.
                  | [Jiyva's grace]
  6275 | Lair:1   | Lost mutation: Your natural rate of healing is unusually
                  | fast. [Jiyva's grace]
  6275 | Lair:1   | Lost mutation: You are covered in slimy tendrils that may
                  | disarm your opponents. [Jiyva's grace]
  6275 | Lair:1   | Lost mutation: Your melee attacks may engulf your foes in
                  | ooze. [Jiyva's grace]
  6275 | Lair:1   | Gained mutation: You are somewhat resistant to further
                  | mutation. [Jiyva's grace]
  6275 | Lair:1   | Gained mutation: You are somewhat resistant to both further
                  | mutation and mutation removal. [Jiyva's grace]
  6275 | Lair:1   | Gained mutation: You are almost entirely resistant to
                  | further mutation and mutation removal. [Jiyva's grace]
  6275 | Lair:1   | Gained mutation: You possess an exceptional clarity of
                  | mind. [Jiyva's grace]
  6341 | Lair:2   | Reached skill level 10 in Stealth
  6427 | Lair:2   | Reached skill level 10 in Fighting
  6435 | Lair:2   | Reached XP level 13. HP: 78/92 MP: 17/17
  6450 | Lair:2   | Learned a level 5 spell: Blade Hands
  6457 | Lair:2   | Found a staircase to the Snake Pit.
  6633 | Lair:2   | Reached skill level 5 in Spellcasting
  6763 | Lair:2   | Found a staircase to the Shoals.
  6764 | Lair:2   | Noticed Sonja
  6771 | Lair:2   | Killed Sonja
  6858 | Lair:3   | Learned a level 3 spell: Ozocubu's Armour
  7088 | Lair:3   | Lost mutation: You are almost entirely resistant to further
                  | mutation and mutation removal. [Jiyva's grace]
  7088 | Lair:3   | Gained mutation: Armour fits poorly on your pseudopods.
                  | [Jiyva's grace]
  7088 | Lair:3   | Gained mutation: Armour fits poorly on your large
                  | pseudopods. [Jiyva's grace]
  7088 | Lair:3   | Gained mutation: Armour fits poorly on your massive
                  | pseudopods. [Jiyva's grace]
  7088 | Lair:3   | Gained mutation: You are agile. (Dex +4, Str/Int -1)
                  | [Jiyva's grace]
  7125 | Lair:4   | Identified the +2 trident of Cheibriados's Regard {freeze,
                  | Fly}
  7141 | Lair:4   | Found a staircase to the Slime Pits.
  7143 | Lair:4   | Got the Omnibus of Transformation and Relocation
  7156 | Lair:4   | Found a viscous altar of Jiyva.
  7161 | Slime:1  | Entered Level 1 of the Pits of Slime
  7161 | Slime:1  | Noticed an azure jelly
  7164 | Slime:1  | Noticed an acid blob
  7164 | Slime:1  | Noticed an acid blob
  7177 | Slime:2  | Noticed an acid blob
  7226 | Slime:1  | Noticed an azure jelly
  7226 | Slime:1  | Noticed an acid blob
  7226 | Slime:1  | Noticed an azure jelly
  7232 | Slime:1  | Noticed an acid blob
  7252 | Slime:2  | Noticed an acid blob
  7255 | Slime:2  | Noticed an acid blob
  7270 | Slime:3  | Noticed an acid blob
  7282 | Slime:4  | Noticed a rockslime
  7291 | Slime:5  | Entered Level 5 of the Pits of Slime
  7311 | Slime:5  | Found a viscous altar of Jiyva.
  7311 | Slime:5  | Noticed a great orb of eyes
  7311 | Slime:5  | Noticed an acid blob
  7312 | Slime:5  | Noticed an azure jelly
  7313 | Slime:5  | Noticed an acid blob
  7314 | Slime:5  | Noticed a quicksilver ooze
  7315 | Slime:5  | Noticed a great orb of eyes
  7315 | Slime:5  | Noticed an acid blob
  7316 | Slime:5  | Got Kaephipn's Secrets of Septic Burning
  7317 | Slime:5  | Noticed a quicksilver ooze
  7318 | Slime:5  | Noticed the Royal Jelly
  7318 | Slime:5  | Noticed an acid blob
  7319 | Slime:5  | Noticed a quicksilver ooze
  7323 | Slime:5  | Identified the ring "Gogyfoin" {Fly rN+++ Int+2 Dex-5
                  | Stlth+} (You found it on level 5 of the Pits of Slime)
  7325 | Slime:5  | Identified the amulet of the Puckish God {Regen+ Dex+2}
                  | (You found it on level 5 of the Pits of Slime)
  7326 | Slime:5  | Got a slimy rune of Zot
  7327 | Slime:5  | Noticed an acid blob
  7328 | Slime:5  | Noticed a rockslime
  7549 | Lair:4   | an elephant changed into an acid blob
  7549 | Lair:4   | Noticed an acid blob
  7562 | Lair:4   | Reached skill level 10 in Transmutations
  7655 | Lair:5   | Entered Level 5 of the Lair of Beasts
  7693 | Lair:4   | Reached skill level 1 in Earth Magic
  7878 | Lair:5   | Identified the +11 short sword "Killer Bee's Curse" {venom,
                  | Drain Dex+3}
  7986 | Lair:5   | Reached XP level 14. HP: 91/99 MP: 21/21
  8029 | Lair:5   | Reached skill level 5 in Earth Magic
  8294 | Lair:5   | Paralysed by a hornet for 2 turns
  8351 | Lair:5   | Learned a level 6 spell: Statue Form
  8746 | Orc:2    | Found Ovving's Antique Weapon Shoppe.
  8746 | Orc:2    | Found Xilounop's Jewellery Shoppe.
  8747 | Orc:2    | Found Qalotoss's Magic Scroll Shoppe.
  8747 | Orc:2    | Found Keemn's Weapon Emporium.
  8758 | Orc:2    | Bought the ring "Buxeotug" {rC+ AC+4 Dex+6 SInv} for 801
                  | gold pieces
  8758 | Orc:2    | Bought the ring of Shadows {Umbra +Inv Stlth+} for 480 gold
                  | pieces
  8758 | Orc:2    | Found the ring of Shadows {Umbra +Inv Stlth+}
  8767 | Orc:2    | Learned a level 5 spell: Borgnjor's Vile Clutch
  9018 | D:5      | Lost mutation: You have a small jelly attached to you that
                  | may absorb projectiles. [Jiyva's grace]
  9018 | D:5      | Gained mutation: You have a small jelly attached to you
                  | that senses nearby items. [Jiyva's grace]
  9018 | D:5      | Gained mutation: You passively dampen the noise of your
                  | surroundings. [Jiyva's grace]
  9018 | D:5      | Gained mutation: Your melee attacks may engulf your foes in
                  | ooze. [Jiyva's grace]
  9018 | D:5      | Gained mutation: You have acidic saliva. [Jiyva's grace]
  9043 | D:6      | Found a broken altar of Ashenzari.
  9859 | D:13     | Reached skill level 10 in Earth Magic
  9975 | D:13     | Reached XP level 15. HP: 73/103 MP: 24/24
 10075 | D:14     | Found a gate to the Vaults.
 10352 | D:15     | Entered Level 15 of the Dungeon
 10497 | D:15     | Noticed Louise
 10510 | D:15     | Killed Louise
 10630 | D:15     | Found a staircase to the Depths.
 10876 | Orc:2    | Bought a +6 ring of intelligence for 432 gold pieces
 10892 | Orc:2    | Learned a level 5 spell: Summon Forest
 11119 | Temple   | Entered the Ecumenical Temple
 11138 | Temple   | Fell from the grace of Jiyva
 11138 | Temple   | Became a worshipper of Xom of Chaos
 11409 | D:6      | Got Kylycid's Basics of Spellweaving
 11487 | D:6      | XOM: silly message
 11658 | D:4      | Noticed Eustachio
 11674 | D:4      | Killed Eustachio
 11944 | D:2      | XOM: 3-stop teleportation journey
 11974 | D:2      | XOM: god gift: book of Spatial Translocations
 12132 | D:1      | XOM: give mutations
 12132 | D:1      | Lost mutation: Your melee attacks may engulf your foes in
                  | ooze. [Xom's mischief]
 12132 | D:1      | Lost mutation: You are somewhat resistant to both further
                  | mutation and mutation removal. [Xom's mischief]
 12460 | D:3      | XOM: scenery: create altars
 12805 | D:6      | Found a snail-covered altar of Cheibriados.
 12807 | D:6      | XOM is BORED!
 12807 | D:6      | XOM: give mutations
 12807 | D:6      | Lost mutation: You passively dampen the noise of your
                  | surroundings. [Xom's mischief]
 12807 | D:6      | Lost mutation: You have acidic saliva. [Xom's mischief]
 12807 | D:6      | Lost mutation: You possess an exceptional clarity of mind.
                  | [Xom's mischief]
 12807 | D:6      | Lost mutation: You have a small jelly attached to you that
                  | senses nearby items. [Xom's mischief]
 12814 | D:6      | Fell from the grace of Xom
 12814 | D:6      | Became a worshipper of Cheibriados the Contemplative
 13008 | Snake:1  | Entered Level 1 of the Snake Pit
 13076 | Snake:1  | Reached skill level 1 in Summonings
 13116 | Snake:1  | Found Qibilu's Tremendous Tomes.
 13220 | Snake:1  | XOM: give mutations
 13220 | Snake:1  | Gained mutation: Your body sometimes deteriorates upon
                  | taking damage. [Xom's mischief]
 13220 | Snake:1  | Lost mutation: You are agile. (Dex +4, Str/Int -1) [Xom's
                  | mischief]
 13248 | Snake:1  | Reached * piety under Cheibriados
 13258 | Snake:1  | XOM: noise
 13325 | Snake:2  | XOM: noise
 13383 | Snake:2  | Found Jaunn's Weapon Emporium.
 13389 | Snake:2  | Lost mutation: Armour fits poorly on your massive
                  | pseudopods. [the all-consuming vengeance of Jiyva]
 13433 | Snake:2  | Gained mutation: You are frail. (-10% HP) [the
                  | all-consuming vengeance of Jiyva]
 13448 | Snake:2  | Reached ** piety under Cheibriados
 13507 | Snake:3  | Noticed Azrael
 13530 | Snake:3  | Killed Azrael
 13590 | Snake:3  | Reached *** piety under Cheibriados
 13653 | Snake:3  | Reached XP level 16. HP: 98/98 MP: 20/28
 13685 | Snake:3  | Reached skill level 1 in Necromancy
 13825 | Snake:4  | Entered Level 4 of the Snake Pit
 13825 | Snake:4  | Found Hishraff's Armour Shop.
 13827 | Snake:4  | Noticed Donald
 13834 | Snake:4  | Killed Donald
 13882 | Snake:4  | Gained mutation: You occasionally shout uncontrollably at
                  | your foes. [the all-consuming vengeance of Jiyva]
 13882 | Snake:4  | Gained mutation: You frequently scream uncontrollably at
                  | your foes. [the all-consuming vengeance of Jiyva]
 13882 | Snake:4  | Gained mutation: You are weak. (Str -2) [the all-consuming
                  | vengeance of Jiyva]
 13882 | Snake:4  | Lost mutation: Armour fits poorly on your large pseudopods.
                  | [the all-consuming vengeance of Jiyva]
 13887 | Snake:4  | XOM: silly message
 13895 | Snake:4  | Reached **** piety under Cheibriados
 13947 | Snake:4  | Identified the +3 leather armour "Coggerchu" {rF+ Regen+
                  | Int-2}
 13965 | Snake:4  | Reached skill level 1 in Invocations
 13977 | Snake:4  | Reached skill level 5 in Summonings
 13981 | Snake:4  | Lost mutation: Armour fits poorly on your pseudopods. [the
                  | all-consuming vengeance of Jiyva]
 13982 | Snake:4  | Noticed an azure jelly
 13984 | Snake:4  | Paralysed by a floating eye for 4 turns
 13994 | Snake:4  | Killed an azure jelly
 14198 | Snake:4  | Reached ***** piety under Cheibriados
 14199 | Snake:4  | Reached skill level 10 in Shields
 14252 | Snake:4  | Noticed a nagaraja
 14252 | Snake:4  | Noticed Vashnia
 14255 | Snake:4  | Noticed a nagaraja
 14264 | Snake:4  | Found a burning altar of Makhleb.
 14324 | Snake:3  | XOM: give mutation
 14324 | Snake:3  | Lost mutation: You are weak. (Str -2) [Xom's mischief]
 14366 | Snake:4  | Reached skill level 5 in Necromancy
 14393 | Snake:4  | Killed a nagaraja
 14446 | Snake:4  | Killed a nagaraja
 14447 | Snake:4  | Reached skill level 5 in Invocations
 14455 | Snake:4  | Killed Vashnia
 14462 | Snake:4  | Reached XP level 17. HP: 103/103 MP: 19/29
 14598 | Snake:4  | Got a serpentine rune of Zot
 14874 | Shoals:1 | Entered Level 1 of the Shoals
 14877 | Shoals:1 | Got Vodiuh's Tractate on Oromancy and Accompaniment
 14886 | Shoals:1 | Learned a level 6 spell: Eringya's Noxious Bog
 14909 | Shoals:1 | Noticed Mlioglotl
 14916 | Shoals:1 | Killed Mlioglotl
 14917 | Shoals:1 | Reached skill level 1 in Poison Magic
 15159 | Shoals:3 | XOM: confusion (+ monsters)
 15354 | Shoals:3 | Reached skill level 5 in Poison Magic
 15368 | Shoals:4 | XOM: noise
 15368 | Shoals:4 | Entered Level 4 of the Shoals
 15443 | Shoals:3 | Found Himp's Magic Scroll Shop.
 15448 | Shoals:3 | Bought a scroll of fog for 44 gold pieces
 15448 | Shoals:3 | Bought a scroll of fear for 44 gold pieces
 15448 | Shoals:3 | Bought a scroll of fear for 44 gold pieces
 15452 | Shoals:3 | XOM: 3-stop teleportation journey
 15589 | Shoals:3 | XOM: polymorph merfolk impaler -> quicksilver ooze
 15594 | Shoals:3 | Reached ****** piety under Cheibriados
 15607 | Shoals:3 | XOM: summons 13 hostile demons
 15713 | Shoals:4 | Noticed a kraken
 15724 | Shoals:4 | Killed a kraken
 15759 | Shoals:4 | XOM: give mutations
 15759 | Shoals:4 | Lost mutation: One of your tentacles bears a spike. [Xom's
                  | mischief]
 15759 | Shoals:4 | Lost mutation: Your body sometimes deteriorates upon taking
                  | damage. [Xom's mischief]
 15759 | Shoals:4 | Gained mutation: You are dopey. (Int -2) [Xom's mischief]
 15759 | Shoals:4 | Lost mutation: You are somewhat resistant to further
                  | mutation. [Xom's mischief]
 15783 | Shoals:4 | XOM: 1-stop teleportation journey
 15892 | Shoals:4 | Found Baicef's Weapon Shoppe.
 15949 | Shoals:4 | Got a barnacled rune of Zot
 16072 | Lair:2   | XOM: give mutations
 16072 | Lair:2   | Gained mutation: You have hidden genetic defects. [Xom's
                  | mischief]
 16072 | Lair:2   | Gained mutation: You have a pair of small antennae on your
                  | head. [Xom's mischief]
 16072 | Lair:2   | Lost mutation: You are frail. (-10% HP) [Xom's mischief]
 16072 | Lair:2   | Lost mutation: You are strong-willed. (Will+) [Xom's
                  | mischief]
 16084 | Lair:2   | XOM: polymorph jelly -> worm
 16246 | Orc:2    | XOM: polymorph dryad -> salamander
 16277 | Elf:1    | Entered Level 1 of the Elven Halls
 16342 | Elf:1    | XOM: 2-stop teleportation journey
 16376 | Elf:1    | Found Wotavon's Weapon Shoppe.
 16382 | Elf:1    | Reached XP level 18. HP: 120/120 MP: 31/31
 16413 | Elf:1    | Paralysed by an air elemental for 1 turns
 16478 | Elf:1    | Reached skill level 1 in Conjurations
 16478 | Elf:1    | Reached skill level 1 in Air Magic
 16511 | Elf:1    | Gained mutation: You are frail. (-10% HP) [hidden defects]
 16522 | Elf:1    | Lost mutation: You frequently scream uncontrollably at your
                  | foes. [potion of mutation]
 16522 | Elf:1    | Lost mutation: You have hidden genetic defects. [potion of
                  | mutation]
 16522 | Elf:1    | Lost mutation: Your flesh is very heat resistant. (rF++)
                  | [potion of mutation]
 16596 | Elf:1    | Noticed Asterion
 16600 | Elf:1    | Reached skill level 10 in Spellcasting
 16606 | Elf:1    | Killed Asterion
 16687 | Elf:2    | Found Myocs's Jewellery Boutique.
 16689 | Elf:2    | Found Nemnas's Antique Weapon Shoppe.
 16693 | Elf:2    | Found a transporter.
 16695 | Elf:2    | Found a transporter.
 16697 | Elf:2    | Bought a ring of willpower for 325 gold pieces
 16720 | Elf:2    | Bought a +6 ring of dexterity for 468 gold pieces
 16727 | Elf:2    | Gained mutation: You are clumsy. (Dex -2) [the
                  | all-consuming vengeance of Jiyva]
 16727 | Elf:2    | Gained mutation: You occasionally lose the ability to drink
                  | potions when taking damage. [the all-consuming vengeance of
                  | Jiyva]
 16727 | Elf:2    | Gained mutation: You are vulnerable to cold. (rC-) [the
                  | all-consuming vengeance of Jiyva]
 16727 | Elf:2    | Was forgiven by Jiyva
 16729 | Elf:2    | Lost mutation: You are clumsy. (Dex -2) [potion of
                  | mutation]
 16729 | Elf:2    | Lost mutation: Your flesh is heat resistant. (rF+) [potion
                  | of mutation]
 16729 | Elf:2    | Lost mutation: You occasionally shout uncontrollably at
                  | your foes. [potion of mutation]
 16729 | Elf:2    | Gained mutation: One of your tentacles bears a spike.
                  | [potion of mutation]
 16729 | Elf:2    | Lost mutation: You are vulnerable to cold. (rC-) [potion of
                  | mutation]
 16729 | Elf:2    | Gained mutation: You are agile. (Dex +4, Str/Int -1)
                  | [potion of mutation]
 16732 | Elf:2    | Found a transporter.
 16732 | Elf:2    | Found a transporter.
 16737 | Elf:2    | Found a transporter.
 16737 | Elf:2    | Found a transporter.
 16803 | Elf:2    | Found Ceyte's Armour Shoppe.
 16815 | Elf:2    | Found Icoliesk's Armour Shoppe.
 16936 | Elf:3    | Entered Level 3 of the Elven Halls
 16979 | Elf:3    | Identified the +11 mace of Noxkee {heavy, *Noise rF+++ rC+
                  | SInv}
 17021 | Elf:2    | Reached skill level 1 in Evocations
 17025 | Elf:2    | XOM: give mutation
 17025 | Elf:2    | Lost mutation: You are frail. (-10% HP) [Xom's mischief]
 17059 | Elf:3    | Noticed a deep elf blademaster
 17061 | Elf:3    | Noticed a deep elf blademaster
 17065 | Elf:3    | Killed a deep elf blademaster
 17068 | Elf:3    | Killed a ghostly deep elf blademaster
 17068 | Elf:3    | Killed a deep elf blademaster
 17073 | Elf:3    | Noticed a Hell Sentinel
 17073 | Elf:3    | Killed a ghostly deep elf blademaster
 17074 | Elf:3    | Reached skill level 5 in Air Magic
 17080 | Elf:3    | Noticed a deep elf master archer
 17084 | Elf:3    | Identified the +5 morningstar "Faxurof" {freeze, Str+4
                  | Int+3}
 17084 | Elf:3    | Identified the +4 leather armour of Submission {rF+ rC+
                  | Int-4}
 17086 | Elf:3    | Killed a deep elf master archer
 17091 | Elf:3    | Noticed a Tzitzimitl
 17093 | Elf:3    | Noticed a deep elf master archer
 17093 | Elf:3    | Noticed a Hell Sentinel
 17096 | Elf:3    | Killed a deep elf master archer
 17111 | Elf:3    | Reached skill level 5 in Evocations
 17238 | Elf:3    | Learned a level 4 spell: Summon Lightning Spire
 17263 | Elf:3    | XOM: noise
 17424 | D:12     | XOM: stat loss: -3 Int (40/43)
 17480 | Vaults:1 | Entered Level 1 of the Vaults
 17506 | Vaults:1 | Reached skill level 10 in Invocations
 17519 | Vaults:1 | Acquired the +1 hat of the Aged Coins {rCorr Int+4}
 17550 | Vaults:2 | Noticed Xtahua
 17550 | Vaults:2 | Noticed Zenata
 17555 | Vaults:2 | Killed Zenata
 17560 | Vaults:2 | Noticed a tentacled monstrosity
 17649 | Vaults:2 | XOM: give mutations
 17649 | Vaults:2 | Lost mutation: You passively map the area around you.
                  | [Xom's mischief]
 17649 | Vaults:2 | Gained mutation: You are partially covered in iridescent
                  | scales. (AC +2) [Xom's mischief]
 17649 | Vaults:2 | Gained mutation: You are frail. (-10% HP) [Xom's mischief]
 17649 | Vaults:2 | Lost mutation: One of your tentacles bears a spike. [Xom's
                  | mischief]
 17692 | Vaults:2 | XOM: 1-stop teleportation journey
 17698 | Vaults:2 | Reached XP level 19. HP: 113/113 MP: 33/33
 17761 | Vaults:2 | You are sucked into a shaft and drop 1 floor!
 17840 | Vaults:3 | XOM: noise
 17881 | Vaults:4 | XOM: summons friendly ufetubus
 17909 | Vaults:4 | XOM: chaos upgrade
 17997 | Vaults:4 | XOM: summons 14 hostile demons
 18095 | Vaults:4 | XOM: 1-stop teleportation journey
 18170 | Vaults:4 | Found a transporter.
 18170 | Vaults:4 | Noticed Mefral's ghost (adept DsNe)
 18180 | Vaults:4 | XOM: chaos upgrade
 18180 | Vaults:4 | Was forgiven by Xom
 18200 | Vaults:4 | Found a transporter.
 18241 | Vaults:4 | Killed Mefral's ghost
 18564 | Vaults:4 | Found Bokusuiz's Magic Scroll Shop.
 18578 | Vaults:4 | Bought 3 scrolls of teleportation for 144 gold pieces
 18689 | Vaults:5 | Entered Level 5 of the Vaults
 18689 | Vaults:5 | Noticed a tentacled monstrosity
 18693 | Vaults:5 | Reached XP level 20. HP: 124/124 MP: 27/34
 18787 | Vaults:5 | HP: 2/126 [war gargoyle/+0 flail (18)]
 18788 | Vaults:5 | Killed from afar by a war gargoyle

Illustrated notes

Levels and vault maps discovered:
D:1:      lightli_arrival_noodles, layout_basic
D:2:      layout_loops_ring, shapermc_ecumenical_altar_rom_forum, basic_altar,
          kennysheep_generic_room_6, uniq_sigmund, uniq_jessica
D:3:      kennysheep_slugbush, layout_loops_ring, uniq_crazy_yiuf_cottage
D:4:      layout_gridville, portal_sewer_entry_a, uniq_eustachio
D:5:      layout_cave_pools, serial_column_ruins, column_ruins_hut,
          column_ruins_circle_large, column_ruins_grid_4, column_ruins_grid_2,
          column_ruins_grid_1, column_ruins_columns_corner, column_ruins_grid_2,
          column_ruins_grid_1, column_ruins_open_small,
          nicolae_ossuary_entry_monument
D:6:      minmay_flawed_box, layout_basic,
          chequers_temple_overflow_statue_of_worship, hangedman_glass_teeth
D:7:      layout_layer_cave, temple_green
D:8:      layout_basic, nicolae_shop_overcharged_wands, uniq_maurice
D:9:      layout_loops_ring, nicolae_wu_jian_wuxing_cycle, gammafunk_ghost_ooze,
          nicolae_blasting_shop, minmay_ruined_shrine
D:10:     layout_long_grid, serial_shops, shop, enter_bailey_6,
          kennysheep_opposing_triangles, uniq_fannar
D:11:     layout_irregular_city, erik_lair_orcish_takeover, serial_bayou,
          serial_bayou_lagoon_b, serial_bayou_crossing, serial_bayou_pond_e,
          serial_bayou_lagoon_a
D:12:     minmay_inside_and_out, layout_irregular_city, orc_0_dummy,
          lemuel_blue_sif_altar, uniq_snorg, uniq_josephine
D:13:     kennysheep_room_grid, layout_basic, beargit_elvish_explorers
D:14:     layout_basic, david_vaults_5
D:15:     hangedman_depths_entry_try_elsewhere_first, layout_small_grid,
          uniq_louise
Temple:   compressed_dpeg_triangle_lava_temple
Lair:1:   statuecave_lemuel, layout_cave_pods
Lair:2:   layout_misc_corridors, elwin_shoals_entry_rocks,
          minmay_snake_entry_spellcaster, minmay_stone_trees_large,
          minmay_shattered_shrine, uniq_sonja
Lair:3:   layout_gridlike, grunt_megastairs_2
Lair:4:   wander_river, layout_big_grid, nicolae_slime_entry_field_trip,
          eino_house_with_fridge
Lair:5:   hangedman_lair_tendril_chambers, layout_cave_pods,
          kennysheep_abandoned_house
Shoals:1: layout_shoals, uniq_mlioglotl
Shoals:2: layout_shoals, gammafunk_ghost_grave
Shoals:3: layout_shoals, serial_shops, nicolae_shop_hallway_plus
Shoals:4: shoals_end_simple, layout_shoals, serial_shops,
          nicolae_shop_hallway_plus
Snake:1:  layout_onion, nicolae_shop_i_like_big_books
Snake:2:  layout_grid_maze, serial_shops, nicolae_shop_bloodbath_and_beyond,
          nicolae_shop_crystal, nicolae_shop_trees
Snake:3:  nicolae_sea_snake_s, layout_gridlike, serial_bayou_shore_a,
          uniq_azrael
Snake:4:  johnstein_snake_rune_scales, layout_rooms, basic_altar, serial_shops,
          shop, nicolae_triple_integral, grunt_megastairs_3,
          serial_bayou_shore_b, uniq_donald
Slime:1:  layout_caves
Slime:2:  cheibrodos_slime_lost_civilization_2, layout_caves
Slime:3:  layout_caves, cheibrodos_slime_lost_civilization_7
Slime:4:  layout_caves
Slime:5
Orc:1:    layout_caves, amcnicky_altar_lugonu_corruption, uniq_harold,
          uniq_erica
Orc:2:    st_orc_pillars, layout_caves, nicolae_shop_self_help
Elf:1:    nicolae_elf_arrival_fired_up, layout_gridlike, serial_shops,
          nicolae_shop_crystal, hangedman_elf_represent, uniq_asterion
Elf:2:    elven_hall_of_blades_hangedman_alternative
          [nicolae_blade_entry_sentries_behind_glass], layout_loops_ring,
          serial_shops, nicolae_diamond_shop, shop, nicolae_shop_statue_plus,
          shop_statue, serial_nicolae_subway, nicolae_sub_station_crystal,
          nicolae_sub_station_metal, nicolae_sub_station_stone, uniq_jorgrun,
          uniq_aizul, uniq_agnes
Elf:3:    elf_hall, layout_loops_corners
Vaults:1: vaults_room_fours, dpeg_vaults_waves,
          vaults_room_grunt_arrival_ludios, v_misc_17, v_misc_4,
          vaults_room_fancy_cross, vaults_dpeg_encased_lava,
          nicolae_vaults_little_squares_3, vaults_dpeg_cross,
          nicolae_vaults_little_squares_3, layout_vaults_quadrants
Vaults:2: nicolae_vaults_network_quincunx
          [nicolae_vaults_network_quincunx_subvault,
          nicolae_vaults_network_quincunx_subvault,
          nicolae_vaults_network_quincunx_subvault,
          nicolae_vaults_network_quincunx_subvault,
          nicolae_vaults_network_quincunx_subvault], grunt_vaults_diagonal,
          nicolae_vaults_network_star, v_misc_25, hangedman_vaults_snaps,
          minmay_crypt_entry_simple_walls, v_pattern_4,
          nicolae_vaults_little_ls, vaults_room_pool,
          vaults_mumra_minichess_inversion, v_misc_5, hangedman_vaults_impose,
          nicolae_vaults_little_squares_3, vaults_dpeg_emergency_exit,
          layout_vaults_maze_bifur, uniq_xtahua, uniq_zenata
Vaults:3: nicolae_vaults_mini_display_case, v_misc_27, st_cells, v_pattern_1,
          nicolae_vaults_stairing_the_circle, vaults_room_hallway,
          vaults_room_pool, vaults_mumra_chevron, nicolae_vaults_shelves_hall,
          vaults_room_door_ring, layout_vaults_omnicross, uniq_saint_roka,
          uniq_boris
Vaults:4: gammafunk_ghost_mausoleum, vaults_standard_mumra_lines, v_misc_15,
          v_misc_10, st_octagons_1, nicolae_vaults_gold_heap,
          hangedman_vaults_trim, nicolae_vaults_little_squares_2,
          dpeg_vaults_monster_box, grunt_vaults_swirl, v_misc_25,
          nicolae_vaults_shelves_hall, vaults_room_pools, layout_vaults_ring,
          serial_shops, nicolae_shop_waterfront
Vaults:5

Skill      XL: |  1  2  3  4  5  6  7  8  9 10 11 12 13 14 15 16 17 18 19 20 |
---------------+-------------------------------------------------------------+-----
Unarmed Combat | 4 5 6 7 8 9 10 12 13 | 13.5
Transmutations | 4 5 6 10 11 | 11.3
Ice Magic      | 1 3 4 5 |  5.0
Stealth        | 1 3 4 7 10 | 10.0
Fighting       | 2 4 6 7 8 10 12 13 | 13.5
Dodging        | 5 6 8 9 10 12 13 | 13.5
Shields        | 1 4 6 8 10 12 | 12.0
Translocations | 1 3 5 6 8 9 |  9.1
Spellcasting   | 3 5 6 8 9 10 | 10.0
Earth Magic    | 4 10 12 | 12.0
Summonings     | 3 5 7 8 |  8.0
Necromancy     | 5 |  5.0
Invocations    | 5 7 10 | 10.0
Poison Magic   | 6 |  6.0
Conjurations   | 3 |  3.0
Air Magic      | 5 |  5.0
Evocations     | 5 |  5.0

Action                     |  1- 3 |  4- 6 |  7- 9 | 10-12 | 13-15 | 16-18 | 19-21 || total
---------------------------+-------+-------+-------+-------+-------+-------+-------++-------
  Melee: Unarmed           |    11 |   141 |   283 |   637 |  1051 |   580 |   244 ||  2947
         Constrict         |     2 |    35 |    66 |    20 |   101 |   125 |    33 ||   382
         Tentacles         |     2 |    32 |    77 |    22 |   207 |   189 |    87 ||   616
         Punch             |       |     7 |    21 |     6 |    70 |    55 |    39 ||   198
         Kick              |       |       |   107 |    32 |   331 |   231 |       ||   701
         Pseudopods        |       |       |       |       |   235 |    28 |       ||   263
         Bite              |       |       |       |       |    74 |       |       ||    74
   Cast: Ice Form          |       |       |     1 |    36 |    24 |       |       ||    61
         Apportation       |       |       |       |   101 |   124 |    79 |    38 ||   342
         Summon Small Mamm |       |       |       |     1 |       |       |       ||     1
         Ozocubu's Armour  |       |       |       |       |    11 |       |       ||    11
         Blade Hands       |       |       |       |       |     2 |       |       ||     2
         Statue Form       |       |       |       |       |    40 |    80 |    22 ||   142
         Summon Forest     |       |       |       |       |     1 |    39 |     9 ||    49
         Borgnjor's Vile C |       |       |       |       |       |     5 |     4 ||     9
         Eringya's Noxious |       |       |       |       |       |     3 |     5 ||     8
         Freezing Cloud    |       |       |       |       |       |     4 |     1 ||     5
         Summon Lightning  |       |       |       |       |       |       |    11 ||    11
 Invoke: Slimify           |       |       |     2 |     1 |     7 |       |       ||    10
         Slouch            |       |       |       |       |       |    13 |    11 ||    24
Ability: Evoke Invisibilit |       |       |       |       |       |     1 |       ||     1
  Evoke: Wand              |       |       |     4 |       |     8 |     5 |     3 ||    20
         Box of beasts     |       |       |       |       |     2 |     1 |     1 ||     4
         Phial of floods   |       |       |       |       |       |       |     1 ||     1
    Use: Potion            |       |     1 |     6 |     5 |     8 |     4 |     1 ||    25
         Scroll            |       |       |       |    18 |    18 |    11 |     5 ||    52
   Stab: Sleeping          |     1 |     8 |    17 |    17 |    27 |    14 |     5 ||    89
         Distracted        |       |     1 |     2 |       |     7 |    11 |     7 ||    28
         Invisible         |       |       |     3 |     4 |       |       |       ||     7
         Paralysed         |       |       |       |       |     2 |       |       ||     2
 Armour: Skin              |       |    12 |     8 |   142 |   349 |   303 |   109 ||   923
  Dodge: Dodged            |     7 |    78 |   158 |   434 |  1084 |   843 |   448 ||  3052
  Block: Buckler           |       |       |       |       |    73 |       |       ||    73
         Kite shield       |       |       |       |       |   317 |  1232 |   454 ||  2003

Table legend: (Time is in decaauts)
 A = Elapsed time spent in this place.
 B = Non-inter-level travel time spent in this place.
 C = Inter-level travel time spent in this place.
 D = Time resting spent in this place.
 E = Time spent auto-exploring this place.
 F = Levels seen in this place.
 G = Mean time per level.
                   A        B        C        D        E       F      G
               +--------+--------+--------+--------+--------+-----+--------+
         Total |  25458 |  20836 |   4622 |    149 |    389 |  47 |  541.7 |
       Dungeon |   8689 |   6825 |   1864 |    142 |    277 |  15 |  579.3 |
        Temple |    103 |     86 |     17 |      0 |      0 |   1 |  103.0 |
          Lair |   2543 |   2189 |    354 |      0 |      0 |   5 |  508.6 |
        Shoals |   2599 |   2236 |    363 |      0 |      0 |   4 |  649.8 |
     Snake Pit |   3566 |   2796 |    770 |      7 |      0 |   4 |  891.5 |
    Slime Pits |    224 |    159 |     65 |      0 |      0 |   5 |   44.8 |
  Orcish Mines |   1852 |   1305 |    547 |      0 |      0 |   2 |  926.0 |
   Elven Halls |   2427 |   2004 |    423 |      0 |      0 |   3 |  809.0 |
        Vaults |   2757 |   2542 |    215 |      0 |      0 |   5 |  551.4 |
         Sewer |    140 |    140 |      0 |      0 |      0 |   1 |  140.0 |
       Ossuary |    298 |    298 |      0 |      0 |    112 |   1 |  298.0 |
        Bailey |    256 |    256 |      0 |      0 |      0 |   1 |  256.0 |
               +--------+--------+--------+--------+--------+-----+--------+

Top non-repeatable levels by time:
Vaults:4: 1793 daAuts
 Snake:4: 1668 daAuts
   Orc:2: 1128 daAuts
Shoals:3: 993 daAuts
   Elf:1: 909 daAuts
 Snake:3: 894 daAuts
   Elf:2: 883 daAuts
    D:12: 876 daAuts
     D:2: 786 daAuts
Shoals:4: 758 daAuts
  Lair:2: 727 daAuts
   Orc:1: 724 daAuts
     D:1: 705 daAuts
    D:13: 685 daAuts
 Snake:1: 659 daAuts
